 Dungeon Crawl Stone Soup version 0.31-a0-1570-g93c622d222 (webtiles) character file.

Game seed: 1792966742233216934

26 lunkers the Magician (level 3, -3/25 HPs)
             Began as a Djinni Alchemist on Jan 3, 2024.
             Slain by a ribbon worm (6 damage)
             ... on level 2 of the Dungeon.
             The game lasted 00:01:08 (1433 turns).

lunkers the Magician (Djinni Alchemist)             Turns: 1433, Time: 00:01:08

Health: -3/25      AC:  2    Str:  7    XL:     3   Next: 22%
Gold:   41         EV: 12    Int: 18    God:
                   SH:  0    Dex: 13

rFire   + + .        (no weapon)
rCold   x . .        (no shield)
rNeg    . . .        a - +0 robe
rPois   ∞            (no helmet)
rElec   .            (no cloak)
rCorr   .            (no gloves)
SInv    .            (boots unavailable)
Will    .....        (no amulet)
Stlth   ++           (no ring)
HPRegen 0.24/turn    (no ring)
MPRegen 0.00/turn

%: infuse magic (-4 HP)
@: flying
A: sickness immunity, fire resistance 2, cold vulnerability 1, float, innate
caster, HP casting, extra vitality 1
a: no special abilities


You were on level 2 of the Dungeon.
You visited 1 branch of the dungeon, and saw 2 of its levels.

You collected 41 gold pieces.

Inventory:

Armour
 a - a +0 robe (worn)
Jewellery
 f - the amulet of the Centipede {Spirit Rampage Fly Dex-5 Stlth+}
   (You found it on level 2 of the Dungeon)

   [amulet of guardian spirit]

   Spirit:    It causes incoming damage to be divided between your reserves of
   health and magic.
   Dex-5:     It affects your dexterity (-5).
   Fly:       It grants you flight.
   Rampage:   It bestows one free step when moving towards enemies.
   Stlth+:    It makes you more stealthy.
Scrolls
 b - a scroll of revelation {unknown}
 c - a scroll of fog {unknown}
 d - a scroll of poison {unknown}
 i - a scroll of teleportation {unknown}
Potions
 e - 2 potions of ambrosia {unknown}
 g - 2 potions of heal wounds {unknown}
 h - a potion of cancellation {unknown}


   Skills:
 - Level 2.1 Dodging
 - Level 1.5 Stealth
 + Level 3.8 Spellcasting
 + Level 3.8 Conjurations
 + Level 3.8 Hexes
   Level 0.0 Charms
 + Level 3.8 Summonings
 + Level 3.8 Necromancy
 + Level 3.8 Translocations
   Level 0.0 Transmutations
 + Level 3.8 Fire Magic
 + Level 3.8 Ice Magic
 + Level 3.8 Air Magic
 + Level 3.8 Earth Magic
 + Level 3.8 Alchemy


You knew the following spells:

 Your Spells              Type           Power      Damage    Failure   Level
a - Sting                 Conj/Alch      68%        1d7       3%          1
b - Mercury Vapours       Alch/Air       34%        N/A       4%          2
c - Mephitic Cloud        Conj/Alch/Air  17%        N/A       10%         3
d - Olgreb's Toxic Radia  Alch           17%        N/A       30%         4
e - Sticky Flame          Fire/Alch      17%        2d5       30%         4
f - Summon Small Mammal   Summ           68%        N/A       3%          1
Your spell library was empty.

Dungeon Overview and Level Annotations

Branches:
Dungeon (2/15)

Altars:


Innate Abilities, Weirdness & Mutations

You are immune to sickness and miasma.
You are immune to poison.
Your flesh is very heat resistant. (rF++)
You are vulnerable to cold. (rC-)
You float through the air rather than walking.
You learn spells naturally, not from books.
Your magical power is your life essence.
You have superior vitality. (+4 MHP)


Message History

You kill the ball python!
Casting: Sting (safe; 3% risk of failure)
Confirm with . or Enter, or press ? or * to list all spells.
The sting hits the kobold.
The kobold is poisoned.
You kill the kobold!
Casting: Sting (safe; 3% risk of failure)
Confirm with . or Enter, or press ? or * to list all spells.
The sting hits the ribbon worm.
The ribbon worm looks even sicker.
The ribbon worm is lightly wounded.
Casting: Sting (safe; 3% risk of failure)
Confirm with . or Enter, or press ? or * to list all spells.
The sting hits the ribbon worm.
The ribbon worm looks even sicker.
The ribbon worm is moderately wounded.
The ribbon worm expels a string of sticky webbing.
The stream of webbing misses you.
Casting: Sting (safe; 3% risk of failure)
Confirm with . or Enter, or press ? or * to list all spells.
The sting hits the ribbon worm.
The ribbon worm looks as sick as possible!
The ribbon worm is heavily wounded.
The ribbon worm expels a string of sticky webbing.
The stream of webbing hits you but does no damage.
You are caught in a web!
Casting: Sting (safe; 3% risk of failure)
Confirm with . or Enter, or press ? or * to list all spells.
The sting misses the ribbon worm.
The ribbon worm bites you!
* * * LOW HITPOINT WARNING * * *
Aiming: Sting (safe; 3% risk of failure)
Press: ? - help, Q - select action, (/) - cycle Shift-Dir - straight line, f/p - ribbon worm
Aim: a ribbon worm (heavily wounded, extremely poisoned, 91% to hit)
The sting hits the ribbon worm.
The ribbon worm looks as sick as possible!
The ribbon worm is severely wounded.
* * * LOW HITPOINT WARNING * * *
Unknown command.
The web tears apart.
The ribbon worm bites you!
* * * LOW HITPOINT WARNING * * *
The ribbon worm attacks as it pursues you!
The ribbon worm bites you.
You die...

.......
.......
.......
.......
.......
.......
####.......
#@w)..#
####..#
..#.#.. ..#
..#.#.# #.#
..#.#.# .#
..#.#†# #..
## ..#.#.#
#.. ..#.#.#
#.# ..#†#.#
#.#


You could see a ribbon worm (very poisoned).

Vanquished Creatures
  A ribbon worm (D:2)
  3 bats
  3 endoplasms
  3 goblins
  2 hobgoblins (D:1)
  2 jackals (D:2)
  2 quokkas
  A ball python (D:2)
  A frilled lizard (D:1)
  2 kobolds (D:2)
  A rat (D:2)
21 creatures vanquished.

Notes
Turn   | Place    | Note
-------+----------+-------------------------------------------
     0 | D:1      | lunkers the Djinni Alchemist began the quest for the Orb.
     0 | D:1      | lunkers set off with the following spells memorised: Sting,
                  | Mercury Vapours, Mephitic Cloud, Olgreb's Toxic Radiance,
                  | Sticky Flame.
     0 | D:1      | Reached XP level 1. HP: 15/15 MP: 0/0
    35 | D:1      | You are sucked into a shaft and drop 1 floor!
   217 | D:2      | Reached XP level 2. HP: 20/21 MP: 0/0
   310 | D:2      | Identified the amulet of the Centipede {Spirit Rampage Fly
                  | Dex-5 Stlth+}
   553 | D:1      | Reached XP level 3. HP: 23/25 MP: 0/0
   553 | D:1      | Learned a level 1 spell: Summon Small Mammal
   567 | D:1      | Found a faded altar of an unknown god.
  1433 | D:2      | Slain by a ribbon worm

Illustrated notes

Levels and vault maps discovered:
D:1:      dpeg_arrival_arbitrary_a, layout_loops_corners,
          shapermc_ecumenical_altar_gd
D:2:      minmay_chambers_of_twos, layout_basic, st_stairs_14,
          nicolae_elevator_lobby_asterisk

Action                     || total
---------------------------++-------
   Cast: Sting             ||    53
 Armour: Robe              ||    11
  Dodge: Dodged            ||     9

Table legend: (Time is in decaauts)
 A = Elapsed time spent in this place.
 B = Non-inter-level travel time spent in this place.
 C = Inter-level travel time spent in this place.
 D = Time resting spent in this place.
 E = Time spent auto-exploring this place.
 F = Levels seen in this place.
 G = Mean time per level.
                   A        B        C        D        E       F      G
               +--------+--------+--------+--------+--------+-----+--------+
         Total |   1432 |   1415 |     17 |      0 |   1269 |   2 |  716.0 |
       Dungeon |   1432 |   1415 |     17 |      0 |   1269 |   2 |  716.0 |
               +--------+--------+--------+--------+--------+-----+--------+

Top non-repeatable levels by time:
     D:1: 980 daAuts
     D:2: 451 daAuts
